OTTAWA vs DALLAS

Created - March-13-21 at 19:45

Goals
1 2 3 T
OTTAWA 1 3 0 4
DALLAS 1 4 1 6
Shots
1 2 3 T
OTTAWA 15 6 6 27
DALLAS 15 17 14 46

1st period

1. DALLAS , Mikko Rantanen 15 (Auston Matthews 21, Jakob Chychrun 18) at 7:04 (PP)
2. OTTAWA , Michal Kempny 4 (Mark Borowiecki 14, Laurent Brossoit) at 14:15

Penalties :
Brady Skjei (DAL) for Fighting (Major) at 0:18, Mark Borowiecki (OTT) for Fighting (Major) at 0:18, Yanni Gourde (OTT) for Roughing (Minor) at 2:08, Garnet Hathaway (OTT) for Tripping (Minor) at 6:48, Jujhar Khaira (OTT) for Tripping (Minor) at 8:11, Adam Boqvist (DAL) for Hooking (Minor) at 12:15, Ilya Mikheyev (DAL) for Hooking (Minor) at 17:26

2nd period

3. OTTAWA , Jujhar Khaira 5 (Nikita Gusev 11, Dmitry Kulikov 8) at 2:08
4. DALLAS , Travis Konecny 9 (Jakob Chychrun 19, Nikita Zaitsev 24) at 4:31 (PP)
5. OTTAWA , Conor Garland 10 (Oskar Sundqvist 5, Yanni Gourde 14) at 9:56
6. DALLAS , Travis Konecny 10 (Pavel Zacha 7, Nikita Zaitsev 25) at 10:52 (PP)
7. DALLAS , Evgenii Dadonov 10 (Nikita Zaitsev 26) at 16:31
8. DALLAS , Pavel Zacha 6 (Evgenii Dadonov 10, Nikita Zaitsev 27) at 17:16 (PP)
9. OTTAWA , Garnet Hathaway 5 (Dmitry Kulikov 9) at 18:38

Penalties :
Oskar Sundqvist (OTT) for Hooking (Minor) at 3:48, Adam Boqvist (DAL) for High sticking (Minor) at 5:09, Dmitry Kulikov (OTT) for Slashing (Double Minor) at 10:23, Ryan Suter (OTT) for Holding (Minor) at 16:58

3rd period

10. DALLAS , Pavel Zacha 7 (Travis Konecny 7, Charlie McAvoy 18) at 8:21

Penalties :
No Penalty

Goalie Stats

Laurent Brossoit (OTT), 40 saves from 46 shots - (0.870), L, 3-2-1, 60:00 minutes
Ben Bishop (DAL), 23 saves from 27 shots - (0.852), W, 21-9-4, 60:00 minutes

Players Stats for OTTAWA

Player Name              G  A  P  +/- PIM S  H  SB GA TA FO     MP     PP MP  PK MP  
------------------------------------------------------------------------------------
Brandon Pirri            0  0  0   0  0   0  0  0  0  0  0/0    11:50   3:01   0:00 
Conor Garland            1  0  1   1  0   2  0  0  0  0  1/2    14:40   0:00   0:00 
Dmitry Kulikov           0  2  2   1  4   0  1  0  0  0  0/0    13:54   0:00   0:55 
Dominik Simon            0  0  0   0  0   1  0  0  0  0  3/9    11:50   3:01   0:00 
Garnet Hathaway          1  0  1   1  2   1  3  0  0  0  10/27  17:32   0:00   5:00 
Jordan Eberle            0  0  0   1  0   2  0  2  0  0  0/0    20:45   2:56   5:16 
Jujhar Khaira            1  0  1   0  2   2  2  0  0  0  0/1    10:33   0:00   0:16 
Kyle Okposo              0  0  0   0  0   2  0  0  0  0  1/3    14:15   3:01   0:56 
Marcus Johansson         0  0  0   0  0   1  0  0  0  0  2/5    11:45   2:56   0:00 
Mark Borowiecki          0  1  1   1  5   2  1  1  0  0  0/0    20:47   3:09   1:49 
Michael Raffl            0  0  0   1  0   3  1  0  0  0  0/0    12:33   0:00   0:00 
Michal Kempny            1  0  1   1  0   1  1  0  0  0  0/0    19:36   3:09   2:52 
Nikita Gusev             0  1  1   0  0   2  0  0  0  0  5/14   12:45   0:00   2:27 
Oskar Sundqvist          0  1  1   1  2   2  1  0  0  0  8/18   14:39   0:00   0:00 
Roman Polak              0  0  0   1  0   0  0  2  0  0  0/0    21:31   0:00   4:47 
Ryan Suter               0  0  0   0  2   3  1  2  0  0  0/0    24:19   2:48   4:37 
Vince Dunn               0  0  0   0  0   1  3  1  0  0  0/0    19:50   2:48   0:26 
Yanni Gourde             0  1  1   1  2   2  2  0  0  0  2/2    19:06   2:56   1:31 

Players Stats for DALLAS

Player Name              G  A  P  +/- PIM S  H  SB GA TA FO     MP     PP MP  PK MP  
------------------------------------------------------------------------------------
Adam Boqvist             0  0  0  -2  4   0  0  0  0  0  0/0    14:11   0:24   0:00 
Alex Tuch                0  0  0  -3  0   1  2  0  0  0  6/14   13:41   0:00   0:30 
Auston Matthews          0  1  1  -1  0   4  0  0  0  0  24/29  22:25   3:44   3:52 
Brady Skjei              0  0  0   1  5   2  1  0  0  0  0/0    22:51   3:00   3:08 
Charlie McAvoy           0  1  1   1  0   5  4  2  0  0  0/0    24:43   3:52   3:08 
Denis Gurianov           0  0  0   0  0   1  0  0  0  0  0/0     5:14   0:00   0:00 
Evgenii Dadonov          1  1  2   2  0   4  0  0  0  0  2/2    19:10   3:59   2:05 
Ilya Mikheyev            0  0  0  -3  2   1  0  0  0  0  1/1    13:10   0:00   0:00 
Jakob Chychrun           0  2  2  -1  0   4  3  2  0  0  0/0    21:28   3:51   2:49 
Kasperi Kapanen          0  0  0  -3  0   3  0  0  0  0  0/0    13:11   0:00   0:00 
Kirby Dach               0  0  0   0  0   0  0  0  0  0  4/6     5:14   0:00   0:00 
Lawson Crouse            0  0  0   0  0   0  3  0  0  0  0/1     5:14   0:00   0:00 
Mikko Rantanen           1  0  1  -1  0   4  0  0  0  0  0/1    21:55   3:44   3:22 
Nikita Zaitsev           0  4  4  -1  0   1  0  3  0  0  0/0    21:28   3:51   2:49 
Pavel Zacha              2  1  3   2  0   5  1  0  0  0  10/21  17:05   3:59   0:00 
Quinn Hughes             0  0  0  -2  0   0  2  1  0  0  0/0    15:16   0:28   0:00 
Timo Meier               0  0  0  -1  0   4  0  0  0  0  2/5    20:38   3:44   2:05 
Travis Konecny           2  1  3   2  0   7  1  0  0  0  0/1    17:05   3:59   0:00 

3 Stars

1 - Pavel Zacha (DAL)
2 - Travis Konecny (DAL)
3 - Evgenii Dadonov (DAL)

Power Play

OTTAWA - 0 on 3 Attempt(s) - 0.00%
DALLAS - 4 on 7 Attempt(s) - 57.14%

Penalty Kill

OTTAWA - 3 on 7 Attempt(s) - 42.86% - Score 0 goal in Penalty Kill
DALLAS - 3 on 3 Attempt(s) - 100.00% - Score 0 goal in Penalty Kill

Team Stat

OTTAWA - Hits : 16 - Faceoff Wins : 32 - Blocked Shots : 8 - Penalty Minutes : 19
DALLAS - Hits : 17 - Faceoff Wins : 49 - Blocked Shots : 8 - Penalty Minutes : 11

Official

Referees : Mitch Dunning and Justin Kea
Linesman : Kyle Flemington and Kelsey Mahoney

Game Notes

Mark Borowiecki beats up Brady Skjei at 0:18 of 1st period

Finance

Level 1 -- Attendance: 4203 (70.05%) -- Ticket Income $420,300
Level 2 -- Attendance: 2979 (59.58%) -- Ticket Income $238,320
Level 3 -- Attendance: 949 (47.45%) -- Ticket Income $56,940
Level 4 -- Attendance: 2290 (57.25%) -- Ticket Income $68,700
Luxury Box -- Attendance: 1000 (100.00%) -- Ticket Income $120,000
Game was played at the American Airlines Center.
Total Attendance: 11421 (63.45%)
Total Ticket Income: $904,260
Total Income: $904,260

OTTAWA

5 vs 5 Forward 
   Center                   Left Wing                Right Wing               Time % Phy DF OF 
 1 Oskar Sundqvist          Yanni Gourde             Conor Garland            35     0   1  4  
 2 Garnet Hathaway          Michael Raffl            Jordan Eberle            30     1   2  2  
 3 Nikita Gusev             Jujhar Khaira            Kyle Okposo              25     1   3  1  
 4 Dominik Simon            Brandon Pirri            Marcus Johansson         10     2   2  1  

5 vs 5 Defense 
   Defense                  Defense                                           Time % Phy DF OF 
 1 Mark Borowiecki          Roman Polak                                       35     1   1  3  
 2 Ryan Suter               Vince Dunn                                        30     1   2  2  
 3 Michal Kempny            Dmitry Kulikov                                    25     1   3  1  
 4 Mark Borowiecki          Roman Polak                                       10     2   2  1  

PowerPlay Forward 
   Center                   Left Wing                Right Wing               Time % Phy DF OF 
 1 Marcus Johansson         Yanni Gourde             Jordan Eberle            60     0   1  4  
 2 Dominik Simon            Brandon Pirri            Kyle Okposo              40     0   2  3  

PowerPlay Defense
   Defense                  Defense                                           Time % Phy DF OF 
 1 Vince Dunn               Ryan Suter                                        60     0   1  4  
 2 Mark Borowiecki          Michal Kempny                                     40     0   2  3  

Penalty Kill 4 Players Forward 
   Center                   Wing                     Time % Phy DF OF 
 1 Garnet Hathaway          Jordan Eberle            60     1   3  1  
 2 Nikita Gusev             Yanni Gourde             40     1   4  0  

Penalty Kill 4 Players Defense
   Defense                  Defense                  Time % Phy DF OF 
 1 Ryan Suter               Roman Polak              60     1   3  1  
 2 Mark Borowiecki          Michal Kempny            40     1   4  0  

Penalty Kill - 3 Players Forward 
   Forward                                           Time % Phy DF OF 
 1 Oskar Sundqvist                                   60     0   4  1  
 2 Garnet Hathaway                                   40     2   3  0  

Penalty Kill - 3 Players Defense
   Defense                  Defense                  Time % Phy DF OF 
 1 Ryan Suter               Roman Polak              60     0   4  1  
 2 Michal Kempny            Mark Borowiecki          40     2   3  0  

4 vs 4 Forward 
   Center                   Wing                     Time % Phy DF OF 
 1 Oskar Sundqvist          Yanni Gourde             60     1   2  2  
 2 Garnet Hathaway          Kyle Okposo              40     1   2  2  

4 vs 4 Defense
   Defense                  Defense                  Time % Phy DF OF 
 1 Ryan Suter               Vince Dunn               60     1   2  2  
 2 Mark Borowiecki          Roman Polak              40     1   2  2  

Last Minutes Offensive
   Center                   Left Wing                Right Wing               Defense                  Defense                  
   Marcus Johansson         Yanni Gourde             Jordan Eberle            Ryan Suter               Vince Dunn               

Last Minutes Defensive
   Center                   Left Wing                Right Wing               Defense                  Defense                  
   Oskar Sundqvist          Yanni Gourde             Jordan Eberle            Ryan Suter               Roman Polak              

Goaltenders
Starting : Laurent Brossoit         
Backup : Pekka Rinne              

Extra Forwards
Normal : Yanni Gourde, Oskar Sundqvist, Garnet Hathaway - PP : Kyle Okposo, Conor Garland - PK : Jordan Eberle
Extra Defensemen
Normal : Ryan Suter, Roman Polak, Mark Borowiecki - PP : Michal Kempny - PK : Dmitry Kulikov, Vince Dunn
Penalty Shots
Brandon Pirri, Jordan Eberle, Kyle Okposo, Yanni Gourde, Conor Garland

Scratches
OTT Cap Hit (Suspend), Mirco Mueller (Healthy), Joakim Nygard (Healthy), Andreas Johnsson (Healthy)

DALLAS

5 vs 5 Forward 
   Center                   Left Wing                Right Wing               Time % Phy DF OF 
 1 Auston Matthews          Mikko Rantanen           Timo Meier               35     1   2  2  
 2 Pavel Zacha              Evgenii Dadonov          Travis Konecny           30     1   2  2  
 3 Alex Tuch                Kasperi Kapanen          Ilya Mikheyev            25     1   2  2  
 4 Kirby Dach               Lawson Crouse            Denis Gurianov           10     1   2  2  

5 vs 5 Defense 
   Defense                  Defense                                           Time % Phy DF OF 
 1 Charlie McAvoy           Brady Skjei                                       35     1   2  2  
 2 Nikita Zaitsev           Jakob Chychrun                                    30     1   2  2  
 3 Quinn Hughes             Adam Boqvist                                      25     1   2  2  
 4 Charlie McAvoy           Brady Skjei                                       10     1   2  2  

PowerPlay Forward 
   Center                   Left Wing                Right Wing               Time % Phy DF OF 
 1 Auston Matthews          Mikko Rantanen           Timo Meier               60     1   2  2  
 2 Pavel Zacha              Evgenii Dadonov          Travis Konecny           40     1   2  2  

PowerPlay Defense
   Defense                  Defense                                           Time % Phy DF OF 
 1 Charlie McAvoy           Brady Skjei                                       60     1   2  2  
 2 Nikita Zaitsev           Jakob Chychrun                                    40     1   2  2  

Penalty Kill 4 Players Forward 
   Center                   Wing                     Time % Phy DF OF 
 1 Auston Matthews          Mikko Rantanen           60     1   2  2  
 2 Timo Meier               Evgenii Dadonov          40     1   2  2  

Penalty Kill 4 Players Defense
   Defense                  Defense                  Time % Phy DF OF 
 1 Charlie McAvoy           Brady Skjei              60     1   2  2  
 2 Nikita Zaitsev           Jakob Chychrun           40     1   2  2  

Penalty Kill - 3 Players Forward 
   Forward                                           Time % Phy DF OF 
 1 Auston Matthews                                   60     1   2  2  
 2 Mikko Rantanen                                    40     1   2  2  

Penalty Kill - 3 Players Defense
   Defense                  Defense                  Time % Phy DF OF 
 1 Charlie McAvoy           Brady Skjei              60     1   2  2  
 2 Nikita Zaitsev           Jakob Chychrun           40     1   2  2  

4 vs 4 Forward 
   Center                   Wing                     Time % Phy DF OF 
 1 Auston Matthews          Mikko Rantanen           60     1   2  2  
 2 Timo Meier               Evgenii Dadonov          40     1   2  2  

4 vs 4 Defense
   Defense                  Defense                  Time % Phy DF OF 
 1 Charlie McAvoy           Brady Skjei              60     1   2  2  
 2 Nikita Zaitsev           Jakob Chychrun           40     1   2  2  

Last Minutes Offensive
   Center                   Left Wing                Right Wing               Defense                  Defense                  
   Auston Matthews          Mikko Rantanen           Timo Meier               Charlie McAvoy           Brady Skjei              

Last Minutes Defensive
   Center                   Left Wing                Right Wing               Defense                  Defense                  
   Auston Matthews          Mikko Rantanen           Timo Meier               Charlie McAvoy           Brady Skjei              

Goaltenders
Starting : Ben Bishop               
Backup : Ilya Samsonov            

Extra Forwards
Normal : Ilya Mikheyev, Kasperi Kapanen, Alex Tuch - PP : Ilya Mikheyev, Kasperi Kapanen - PK : Alex Tuch
Extra Defensemen
Normal : Quinn Hughes, Adam Boqvist, Nikita Zaitsev - PP : Quinn Hughes - PK : Adam Boqvist, Nikita Zaitsev
Penalty Shots
Auston Matthews, Mikko Rantanen, Timo Meier, Evgenii Dadonov, Travis Konecny

Scratches
Jason Spezza (Healthy), Vladimir Sobotka (Healthy)

% Time on Ice - OTTAWA

Lines # - Real PCT - Wanted PCT - Time Play
Normal Forward
1 - 32% - 35% - 14:40
2 - 27% - 30% - 12:33
3 - 22% - 25% - 10:18
4 - 19% - 10% - 8:49
Normal Defense
1 - 35% - 35% - 16:25
2 - 35% - 30% - 16:07
3 - 28% - 25% - 13:00
4 - 2% - 10% - 0:48
PP Forward
1 - 49% - 60% - 2:56
2 - 51% - 40% - 3:01
PP Defense
1 - 47% - 60% - 2:48
2 - 53% - 40% - 3:09
PK Forward
1 - 68% - 60% - 5:16
2 - 32% - 40% - 2:27
PK Defense
1 - 63% - 60% - 4:51
2 - 37% - 40% - 2:52
PK3 Forward
1 - 0% - 60%
2 - 0% - 40%
PK3 Defense
1 - 0% - 60%
2 - 0% - 40%
44 Forward
1 - 0% - 60%
2 - 0% - 40%
44 Defense
1 - 0% - 60%
2 - 0% - 40%
Last Minute Offensive  - 0:00
Last Minute Defensive  - 0:00
Total
Forward - 60:00
Defense - 60:00

% Time on Ice - DALLAS

Lines # - Real PCT - Wanted PCT - Time Play
Normal Forward
1 - 32% - 35% - 14:49
2 - 28% - 30% - 13:06
3 - 28% - 25% - 13:11
4 - 11% - 10% - 5:14
Normal Defense
1 - 35% - 35% - 16:11
2 - 32% - 30% - 14:48
3 - 30% - 25% - 13:49
4 - 3% - 10% - 1:32
PP Forward
1 - 48% - 60% - 3:44
2 - 52% - 40% - 3:59
PP Defense
1 - 50% - 60% - 3:52
2 - 50% - 40% - 3:51
PK Forward
1 - 65% - 60% - 3:52
2 - 35% - 40% - 2:05
PK Defense
1 - 53% - 60% - 3:08
2 - 47% - 40% - 2:49
PK3 Forward
1 - 0% - 60%
2 - 0% - 40%
PK3 Defense
1 - 0% - 60%
2 - 0% - 40%
44 Forward
1 - 0% - 60%
2 - 0% - 40%
44 Defense
1 - 0% - 60%
2 - 0% - 40%
Last Minute Offensive  - 0:00
Last Minute Defensive  - 0:00
Total
Forward - 60:00
Defense - 60:00

Play-by-Play

1st period


0:01 of 1st period - Auston Matthews wins face-off versus Oskar Sundqvist in neutral zone.
0:18 of 1st period - Mark Borowiecki beats up Brady Skjei.
0:18 of 1st period - Penalty to Brady Skjei for Fighting.
0:18 of 1st period - Penalty to Mark Borowiecki for Fighting.
0:19 of 1st period - Garnet Hathaway wins face-off versus Pavel Zacha in neutral zone.
0:40 of 1st period - Shot by Travis Konecny.
0:40 of 1st period - Stopped by Laurent Brossoit without a rebound.
0:41 of 1st period - Nikita Gusev wins face-off versus Alex Tuch in OTTAWA zone.
1:00 of 1st period - Shot by Nikita Gusev.
1:00 of 1st period - Stopped by Ben Bishop without a rebound.
1:01 of 1st period - Kirby Dach wins face-off versus Dominik Simon in DALLAS zone.
2:08 of 1st period - Minor Penalty to Yanni Gourde for Roughing.
2:09 of 1st period - Auston Matthews wins face-off versus Garnet Hathaway in OTTAWA zone.
2:37 of 1st period - Shot by Timo Meier.
2:37 of 1st period - Shot Misses the Net.
2:39 of 1st period - Shot by Nikita Zaitsev.
2:39 of 1st period - Shot Blocked by Vince Dunn.
2:41 of 1st period - Shot by Timo Meier.
2:41 of 1st period - Stopped by Laurent Brossoit with a rebound.
3:23 of 1st period - Shot by Travis Konecny.
3:23 of 1st period - Stopped by Laurent Brossoit without a rebound.
3:24 of 1st period - Garnet Hathaway wins face-off versus Pavel Zacha in OTTAWA zone.
3:31 of 1st period - Shot by Charlie McAvoy.
3:31 of 1st period - Stopped by Laurent Brossoit with a rebound.
3:51 of 1st period - Shot by Evgenii Dadonov.
3:51 of 1st period - Stopped by Laurent Brossoit without a rebound.
3:52 of 1st period - Auston Matthews wins face-off versus Nikita Gusev in OTTAWA zone.
4:01 of 1st period - Shot by Jakob Chychrun.
4:01 of 1st period - Shot Blocked by Roman Polak.
4:53 of 1st period - Roman Polak is hit by Alex Tuch and loses puck.
5:41 of 1st period - Garnet Hathaway is hit by Jakob Chychrun and loses puck.
5:49 of 1st period - Shot by Michael Raffl.
5:49 of 1st period - Stopped by Ben Bishop without a rebound.
5:50 of 1st period - Pavel Zacha wins face-off versus Nikita Gusev in DALLAS zone.
6:03 of 1st period - Shot by Pavel Zacha.
6:03 of 1st period - Deflect By Evgenii Dadonov.
6:03 of 1st period - Stopped by Laurent Brossoit with a rebound.
6:41 of 1st period - Icing by Evgenii Dadonov.
6:42 of 1st period - Garnet Hathaway wins face-off versus Pavel Zacha in DALLAS zone.
6:43 of 1st period - Shot by Jordan Eberle.
6:43 of 1st period - Stopped by Ben Bishop with a rebound.
6:48 of 1st period - Minor Penalty to Garnet Hathaway for Tripping.
6:49 of 1st period - Auston Matthews wins face-off versus Jujhar Khaira in OTTAWA zone.
7:02 of 1st period - Shot by Jakob Chychrun.
7:02 of 1st period - Stopped by Laurent Brossoit with a rebound.
7:04 of 1st period - Shot by Auston Matthews.
7:04 of 1st period - Deflect By Mikko Rantanen.
7:04 of 1st period - Goal by Mikko Rantanen - OTTAWA : 0 - DALLAS : 1.
7:05 of 1st period - Oskar Sundqvist wins face-off versus Lawson Crouse in neutral zone.
7:07 of 1st period - Ryan Suter is hit by Lawson Crouse and loses puck.
7:11 of 1st period - Off-side.
7:12 of 1st period - Auston Matthews wins face-off versus Garnet Hathaway in neutral zone.
7:37 of 1st period - Shot by Michael Raffl.
7:37 of 1st period - Stopped by Ben Bishop without a rebound.
7:38 of 1st period - Evgenii Dadonov wins face-off versus Oskar Sundqvist in DALLAS zone.
7:57 of 1st period - Off-side.
7:58 of 1st period - Auston Matthews wins face-off versus Nikita Gusev in neutral zone.
8:11 of 1st period - Minor Penalty to Jujhar Khaira for Tripping.
8:12 of 1st period - Garnet Hathaway wins face-off versus Travis Konecny in OTTAWA zone.
8:23 of 1st period - Shot by Brady Skjei.
8:23 of 1st period - Shot Blocked by Jordan Eberle.
8:31 of 1st period - Shot by Travis Konecny.
8:31 of 1st period - Stopped by Laurent Brossoit with a rebound.
8:33 of 1st period - Shot by Evgenii Dadonov.
8:33 of 1st period - Shot Misses the Net.
8:47 of 1st period - Shot by Travis Konecny.
8:47 of 1st period - Shot Blocked by Ryan Suter.
8:49 of 1st period - Shot by Brady Skjei.
8:49 of 1st period - Shot Misses the Net.
9:05 of 1st period - Shot by Jakob Chychrun.
9:05 of 1st period - Shot Blocked by Ryan Suter.
9:17 of 1st period - Shot by Timo Meier.
9:17 of 1st period - Stopped by Laurent Brossoit with a rebound.
9:19 of 1st period - Shot by Jakob Chychrun.
9:19 of 1st period - Shot Blocked by Jordan Eberle.
9:21 of 1st period - Shot by Jakob Chychrun.
9:21 of 1st period - Shot Misses the Net.
9:31 of 1st period - Shot by Timo Meier.
9:31 of 1st period - Deflect By Auston Matthews.
9:31 of 1st period - Shot Misses the Net.
9:33 of 1st period - Shot by Nikita Zaitsev.
9:33 of 1st period - Shot Misses the Net.
9:35 of 1st period - Shot by Jakob Chychrun.
9:35 of 1st period - Stopped by Laurent Brossoit with a rebound.
9:37 of 1st period - Shot by Timo Meier.
9:37 of 1st period - Deflect By Auston Matthews.
9:37 of 1st period - Stopped by Laurent Brossoit without a rebound.
9:38 of 1st period - Nikita Gusev wins face-off versus Pavel Zacha in OTTAWA zone.
10:03 of 1st period - Shot by Evgenii Dadonov.
10:03 of 1st period - Shot Misses the Net.
10:35 of 1st period - Shot by Marcus Johansson.
10:35 of 1st period - Stopped by Ben Bishop without a rebound.
10:36 of 1st period - Oskar Sundqvist wins face-off versus Auston Matthews in DALLAS zone.
10:47 of 1st period - Shot by Mikko Rantanen.
10:47 of 1st period - Stopped by Laurent Brossoit without a rebound.
10:48 of 1st period - Nikita Gusev wins face-off versus Alex Tuch in OTTAWA zone.
10:56 of 1st period - Off-side.
10:57 of 1st period - Auston Matthews wins face-off versus Dominik Simon in neutral zone.
11:36 of 1st period - Shot by Mikko Rantanen.
11:36 of 1st period - Stopped by Laurent Brossoit without a rebound.
11:37 of 1st period - Oskar Sundqvist wins face-off versus Pavel Zacha in OTTAWA zone.
11:37 of 1st period - Oskar Sundqvist is hit by Pavel Zacha.
11:43 of 1st period - Shot by Oskar Sundqvist.
11:43 of 1st period - Stopped by Ben Bishop with a rebound.
11:55 of 1st period - Shot by Conor Garland.
11:55 of 1st period - Deflect By Oskar Sundqvist.
11:55 of 1st period - Stopped by Ben Bishop without a rebound.
11:56 of 1st period - Alex Tuch wins face-off versus Garnet Hathaway in DALLAS zone.
11:56 of 1st period - Alex Tuch is hit by Garnet Hathaway.
12:15 of 1st period - Minor Penalty to Adam Boqvist for Hooking.
12:16 of 1st period - Auston Matthews wins face-off versus Kyle Okposo in DALLAS zone.
12:25 of 1st period - Shot by Vince Dunn.
12:25 of 1st period - Stopped by Ben Bishop with a rebound.
12:27 of 1st period - Shot by Vince Dunn.
12:27 of 1st period - Deflect By Kyle Okposo.
12:27 of 1st period - Shot Blocked by Nikita Zaitsev.
12:29 of 1st period - Shot by Dominik Simon.
12:29 of 1st period - Shot Blocked by Nikita Zaitsev.
12:43 of 1st period - Shot by Ryan Suter.
12:43 of 1st period - Stopped by Ben Bishop with a rebound.
12:45 of 1st period - Shot by Dominik Simon.
12:45 of 1st period - Shot Misses the Net.
12:47 of 1st period - Shot by Dominik Simon.
12:47 of 1st period - Shot Blocked by Nikita Zaitsev.
12:49 of 1st period - Shot by Kyle Okposo.
12:49 of 1st period - Shot Misses the Net.
12:51 of 1st period - Shot by Ryan Suter.
12:51 of 1st period - Shot Misses the Net.
12:53 of 1st period - Shot by Vince Dunn.
12:53 of 1st period - Shot Blocked by Jakob Chychrun.
13:37 of 1st period - Shot by Yanni Gourde.
13:37 of 1st period - Stopped by Ben Bishop without a rebound.
13:38 of 1st period - Dominik Simon wins face-off versus Timo Meier in DALLAS zone.
13:41 of 1st period - Shot by Kyle Okposo.
13:41 of 1st period - Stopped by Ben Bishop without a rebound.
13:42 of 1st period - Kyle Okposo wins face-off versus Timo Meier in DALLAS zone.
13:47 of 1st period - Shot by Ryan Suter.
13:47 of 1st period - Stopped by Ben Bishop with a rebound.
13:49 of 1st period - Shot by Dominik Simon.
13:49 of 1st period - Stopped by Ben Bishop with a rebound.
13:51 of 1st period - Shot by Ryan Suter.
13:51 of 1st period - Stopped by Ben Bishop without a rebound.
13:52 of 1st period - Auston Matthews wins face-off versus Marcus Johansson in DALLAS zone.
14:13 of 1st period - Shot by Michal Kempny.
14:13 of 1st period - Shot Misses the Net.
14:15 of 1st period - Shot by Michal Kempny.
14:15 of 1st period - The goal is going for a video replay.
14:15 of 1st period - The goal is good.
14:15 of 1st period - Goal by Michal Kempny - OTTAWA : 1 - DALLAS : 1.
14:16 of 1st period - Pavel Zacha wins face-off versus Nikita Gusev in neutral zone.
14:22 of 1st period - Nikita Gusev is hit by Travis Konecny and loses puck.
14:26 of 1st period - Vince Dunn is hit by Jakob Chychrun and loses puck.
15:05 of 1st period - Nikita Zaitsev is hit by Jujhar Khaira and loses puck.
15:38 of 1st period - Shot by Garnet Hathaway.
15:38 of 1st period - Shot Misses the Net.
15:47 of 1st period - Icing by Timo Meier.
15:48 of 1st period - Oskar Sundqvist wins face-off versus Auston Matthews in DALLAS zone.
15:48 of 1st period - Michal Kempny is hit by Charlie McAvoy and loses puck.
15:52 of 1st period - Icing by Charlie McAvoy.
15:53 of 1st period - Auston Matthews wins face-off versus Oskar Sundqvist in DALLAS zone.
15:53 of 1st period - Auston Matthews is hit by Oskar Sundqvist.
16:39 of 1st period - Off-side.
16:40 of 1st period - Garnet Hathaway wins face-off versus Kirby Dach in neutral zone.
16:47 of 1st period - Off-side.
16:48 of 1st period - Alex Tuch wins face-off versus Garnet Hathaway in neutral zone.
17:17 of 1st period - Shot by Ilya Mikheyev.
17:17 of 1st period - Shot Misses the Net.
17:19 of 1st period - Shot by Alex Tuch.
17:19 of 1st period - Shot Misses the Net.
17:26 of 1st period - Minor Penalty to Ilya Mikheyev for Hooking.
17:27 of 1st period - Auston Matthews wins face-off versus Dominik Simon in DALLAS zone.
18:34 of 1st period - Icing by Michal Kempny.
18:35 of 1st period - Timo Meier wins face-off versus Marcus Johansson in OTTAWA zone.
19:02 of 1st period - Shot by Yanni Gourde.
19:02 of 1st period - Shot Blocked by Jakob Chychrun.
19:23 of 1st period - Icing by Mark Borowiecki.
19:24 of 1st period - Timo Meier wins face-off versus Marcus Johansson in OTTAWA zone.
19:49 of 1st period - Shot by Kasperi Kapanen.
19:49 of 1st period - Stopped by Laurent Brossoit without a rebound.
19:50 of 1st period - Evgenii Dadonov wins face-off versus Oskar Sundqvist in OTTAWA zone.
Goals for this period are 1 for OTTAWA vs 1 for DALLAS.
Shots for this period are 15 for OTTAWA vs 15 for DALLAS.

2nd period


0:01 of 2nd period - Auston Matthews wins face-off versus Conor Garland in neutral zone.
0:03 of 2nd period - Charlie McAvoy is hit by Yanni Gourde and loses puck.
0:19 of 2nd period - Off-side.
0:20 of 2nd period - Pavel Zacha wins face-off versus Garnet Hathaway in neutral zone.
0:33 of 2nd period - Shot by Travis Konecny.
0:33 of 2nd period - Stopped by Laurent Brossoit without a rebound.
0:34 of 2nd period - Oskar Sundqvist wins face-off versus Auston Matthews in OTTAWA zone.
0:59 of 2nd period - Shot by Auston Matthews.
0:59 of 2nd period - Shot Misses the Net.
1:43 of 2nd period - Shot by Jordan Eberle.
1:43 of 2nd period - Stopped by Ben Bishop without a rebound.
1:44 of 2nd period - Alex Tuch wins face-off versus Kyle Okposo in DALLAS zone.
1:44 of 2nd period - Alex Tuch is hit by Jujhar Khaira.
1:49 of 2nd period - Nikita Zaitsev is hit by Dmitry Kulikov and loses puck.
2:06 of 2nd period - Shot by Nikita Gusev.
2:06 of 2nd period - Shot Misses the Net.
2:08 of 2nd period - Shot by Jujhar Khaira.
2:08 of 2nd period - Goal by Jujhar Khaira - OTTAWA : 2 - DALLAS : 1.
2:09 of 2nd period - Pavel Zacha wins face-off versus Garnet Hathaway in neutral zone.
2:41 of 2nd period - Icing by Ryan Suter.
2:42 of 2nd period - Auston Matthews wins face-off versus Garnet Hathaway in OTTAWA zone.
2:57 of 2nd period - Shot by Auston Matthews.
2:57 of 2nd period - Stopped by Laurent Brossoit without a rebound.
2:58 of 2nd period - Oskar Sundqvist wins face-off versus Alex Tuch in OTTAWA zone.
3:48 of 2nd period - Minor Penalty to Oskar Sundqvist for Hooking.
3:49 of 2nd period - Auston Matthews wins face-off versus Garnet Hathaway in OTTAWA zone.
4:15 of 2nd period - Shot by Charlie McAvoy.
4:15 of 2nd period - Stopped by Laurent Brossoit without a rebound.
4:16 of 2nd period - Garnet Hathaway wins face-off versus Pavel Zacha in OTTAWA zone.
4:29 of 2nd period - Shot by Jakob Chychrun.
4:29 of 2nd period - Shot Misses the Net.
4:31 of 2nd period - Shot by Travis Konecny.
4:31 of 2nd period - Goal by Travis Konecny - OTTAWA : 2 - DALLAS : 2.
4:32 of 2nd period - Alex Tuch wins face-off versus Nikita Gusev in neutral zone.
4:43 of 2nd period - Shot by Ilya Mikheyev.
4:43 of 2nd period - Stopped by Laurent Brossoit without a rebound.
4:44 of 2nd period - Auston Matthews wins face-off versus Oskar Sundqvist in OTTAWA zone.
4:51 of 2nd period - Shot by Timo Meier.
4:51 of 2nd period - Shot Misses the Net.
5:08 of 2nd period - Conor Garland is hit by Quinn Hughes.
5:09 of 2nd period - Minor Penalty to Adam Boqvist for High sticking.
5:10 of 2nd period - Auston Matthews wins face-off versus Dominik Simon in DALLAS zone.
5:27 of 2nd period - Shot by Michal Kempny.
5:27 of 2nd period - Shot Misses the Net.
5:46 of 2nd period - Shot by Dominik Simon.
5:46 of 2nd period - Shot Misses the Net.
5:48 of 2nd period - Shot by Michal Kempny.
5:48 of 2nd period - Shot Misses the Net.
6:23 of 2nd period - Icing by Yanni Gourde.
6:24 of 2nd period - Marcus Johansson wins face-off versus Auston Matthews in OTTAWA zone.
6:31 of 2nd period - Shot by Ryan Suter.
6:31 of 2nd period - Shot Misses the Net.
6:33 of 2nd period - Shot by Marcus Johansson.
6:33 of 2nd period - Shot Blocked by Charlie McAvoy.
7:39 of 2nd period - Shot by Adam Boqvist.
7:39 of 2nd period - Shot Misses the Net.
7:46 of 2nd period - Denis Gurianov is hit by Michal Kempny and loses puck.
8:01 of 2nd period - Shot by Jakob Chychrun.
8:01 of 2nd period - Stopped by Laurent Brossoit with a rebound.
8:03 of 2nd period - Shot by Evgenii Dadonov.
8:03 of 2nd period - Shot Misses the Net.
8:05 of 2nd period - Shot by Jakob Chychrun.
8:05 of 2nd period - Stopped by Laurent Brossoit without a rebound.
8:06 of 2nd period - Alex Tuch wins face-off versus Oskar Sundqvist in OTTAWA zone.
8:24 of 2nd period - Off-side.
8:25 of 2nd period - Pavel Zacha wins face-off versus Nikita Gusev in neutral zone.
8:47 of 2nd period - Shot by Evgenii Dadonov.
8:47 of 2nd period - Shot Misses the Net.
8:49 of 2nd period - Shot by Jakob Chychrun.
8:49 of 2nd period - Shot Misses the Net.
9:33 of 2nd period - Icing by Conor Garland.
9:34 of 2nd period - Yanni Gourde wins face-off versus Alex Tuch in OTTAWA zone.
9:54 of 2nd period - Shot by Conor Garland.
9:54 of 2nd period - Shot Blocked by Quinn Hughes.
9:56 of 2nd period - Shot by Conor Garland.
9:56 of 2nd period - Goal by Conor Garland - OTTAWA : 3 - DALLAS : 2.
9:57 of 2nd period - Dominik Simon wins face-off versus Timo Meier in neutral zone.
10:23 of 2nd period - Double Minor Penalty to Dmitry Kulikov for Slashing.
10:24 of 2nd period - Garnet Hathaway wins face-off versus Pavel Zacha in OTTAWA zone.
10:42 of 2nd period - Shot by Nikita Zaitsev.
10:42 of 2nd period - Stopped by Laurent Brossoit with a rebound.
10:52 of 2nd period - Shot by Travis Konecny.
10:52 of 2nd period - Goal by Travis Konecny - OTTAWA : 3 - DALLAS : 3.
10:53 of 2nd period - Auston Matthews wins face-off versus Garnet Hathaway in neutral zone.
11:26 of 2nd period - Shot by Brady Skjei.
11:26 of 2nd period - Shot Misses the Net.
11:28 of 2nd period - Shot by Charlie McAvoy.
11:28 of 2nd period - Stopped by Laurent Brossoit with a rebound.
11:30 of 2nd period - Shot by Brady Skjei.
11:30 of 2nd period - Stopped by Laurent Brossoit without a rebound.
11:31 of 2nd period - Pavel Zacha wins face-off versus Garnet Hathaway in OTTAWA zone.
12:39 of 2nd period - Shot by Brady Skjei.
12:39 of 2nd period - Stopped by Laurent Brossoit with a rebound.
12:41 of 2nd period - Shot by Charlie McAvoy.
12:41 of 2nd period - Stopped by Laurent Brossoit without a rebound.
12:42 of 2nd period - Nikita Gusev wins face-off versus Mikko Rantanen in OTTAWA zone.
13:08 of 2nd period - Kasperi Kapanen is hit by Vince Dunn and loses puck.
13:27 of 2nd period - Shot by Kasperi Kapanen.
13:27 of 2nd period - Shot Misses the Net.
13:29 of 2nd period - Shot by Alex Tuch.
13:29 of 2nd period - Shot Hit the Post.
13:31 of 2nd period - Shot by Kasperi Kapanen.
13:31 of 2nd period - Shot Misses the Net.
13:38 of 2nd period - Icing by Dominik Simon.
13:39 of 2nd period - Dominik Simon wins face-off versus Pavel Zacha in OTTAWA zone.
14:23 of 2nd period - Shot by Conor Garland.
14:23 of 2nd period - Stopped by Ben Bishop without a rebound.
14:24 of 2nd period - Auston Matthews wins face-off versus Garnet Hathaway in DALLAS zone.
14:24 of 2nd period - Auston Matthews is hit by Garnet Hathaway.
14:32 of 2nd period - Shot by Michael Raffl.
14:32 of 2nd period - Stopped by Ben Bishop with a rebound.
15:01 of 2nd period - Icing by Dmitry Kulikov.
15:02 of 2nd period - Garnet Hathaway wins face-off versus Alex Tuch in OTTAWA zone.
15:02 of 2nd period - Garnet Hathaway is hit by Alex Tuch.
15:30 of 2nd period - Conor Garland is hit by Quinn Hughes and loses puck.
16:31 of 2nd period - Shot by Evgenii Dadonov.
16:31 of 2nd period - Goal by Evgenii Dadonov - OTTAWA : 3 - DALLAS : 4.
16:32 of 2nd period - Nikita Gusev wins face-off versus Auston Matthews in neutral zone.
16:58 of 2nd period - Minor Penalty to Ryan Suter for Holding.
16:59 of 2nd period - Garnet Hathaway wins face-off versus Pavel Zacha in OTTAWA zone.
17:12 of 2nd period - Shot by Travis Konecny.
17:12 of 2nd period - Deflect By Pavel Zacha.
17:12 of 2nd period - Stopped by Laurent Brossoit with a rebound.
17:16 of 2nd period - Shot by Evgenii Dadonov.
17:16 of 2nd period - Deflect By Pavel Zacha.
17:16 of 2nd period - Goal by Pavel Zacha - OTTAWA : 3 - DALLAS : 5.
17:17 of 2nd period - Kirby Dach wins face-off versus Dominik Simon in neutral zone.
18:14 of 2nd period - Shot by Auston Matthews.
18:14 of 2nd period - Stopped by Laurent Brossoit with a rebound.
18:31 of 2nd period - Jakob Chychrun is hit by Garnet Hathaway and loses puck.
18:38 of 2nd period - Shot by Garnet Hathaway.
18:38 of 2nd period - Goal by Garnet Hathaway - OTTAWA : 4 - DALLAS : 5.
18:39 of 2nd period - Yanni Gourde wins face-off versus Pavel Zacha in neutral zone.
19:10 of 2nd period - Shot by Quinn Hughes.
19:10 of 2nd period - Shot Blocked by Roman Polak.
19:18 of 2nd period - Shot by Pavel Zacha.
19:18 of 2nd period - Shot Misses the Net.
19:31 of 2nd period - Mark Borowiecki is hit by Charlie McAvoy and loses puck.
19:49 of 2nd period - Jujhar Khaira is hit by Charlie McAvoy.
19:57 of 2nd period - Shot by Charlie McAvoy.
19:57 of 2nd period - Shot Misses the Net.
Goals for this period are 3 for OTTAWA vs 4 for DALLAS.
Shots for this period are 6 for OTTAWA vs 17 for DALLAS.

3rd period


0:01 of 3rd period - Auston Matthews wins face-off versus Garnet Hathaway in neutral zone.
0:27 of 3rd period - Icing by Garnet Hathaway.
0:28 of 3rd period - Pavel Zacha wins face-off versus Garnet Hathaway in OTTAWA zone.
0:28 of 3rd period - Pavel Zacha is hit by Mark Borowiecki.
0:41 of 3rd period - Icing by Roman Polak.
0:42 of 3rd period - Garnet Hathaway wins face-off versus Alex Tuch in OTTAWA zone.
1:01 of 3rd period - Shot by Kasperi Kapanen.
1:01 of 3rd period - Stopped by Laurent Brossoit with a rebound.
1:03 of 3rd period - Shot by Kasperi Kapanen.
1:03 of 3rd period - Stopped by Laurent Brossoit without a rebound.
1:04 of 3rd period - Auston Matthews wins face-off versus Oskar Sundqvist in OTTAWA zone.
1:12 of 3rd period - Shot by Timo Meier.
1:12 of 3rd period - Stopped by Laurent Brossoit with a rebound.
1:56 of 3rd period - Jakob Chychrun is hit by Yanni Gourde and loses puck.
2:17 of 3rd period - Shot by Evgenii Dadonov.
2:17 of 3rd period - Stopped by Laurent Brossoit without a rebound.
2:18 of 3rd period - Ilya Mikheyev wins face-off versus Nikita Gusev in OTTAWA zone.
2:43 of 3rd period - Shot by Jujhar Khaira.
2:43 of 3rd period - Shot Misses the Net.
2:55 of 3rd period - Shot by Kyle Okposo.
2:55 of 3rd period - Stopped by Ben Bishop without a rebound.
2:56 of 3rd period - Pavel Zacha wins face-off versus Garnet Hathaway in DALLAS zone.
2:56 of 3rd period - Pavel Zacha is hit by Michael Raffl.
3:34 of 3rd period - Garnet Hathaway is hit by Charlie McAvoy and loses puck.
3:46 of 3rd period - Icing by Jordan Eberle.
3:47 of 3rd period - Auston Matthews wins face-off versus Garnet Hathaway in OTTAWA zone.
4:22 of 3rd period - Shot by Kyle Okposo.
4:22 of 3rd period - Deflect By Nikita Gusev.
4:22 of 3rd period - Stopped by Ben Bishop with a rebound.
4:30 of 3rd period - Shot by Mark Borowiecki.
4:30 of 3rd period - Stopped by Ben Bishop without a rebound.
4:31 of 3rd period - Oskar Sundqvist wins face-off versus Alex Tuch in DALLAS zone.
4:34 of 3rd period - Shot by Conor Garland.
4:34 of 3rd period - Deflect By Yanni Gourde.
4:34 of 3rd period - Shot Misses the Net.
4:36 of 3rd period - Shot by Yanni Gourde.
4:36 of 3rd period - Shot Misses the Net.
4:38 of 3rd period - Shot by Ryan Suter.
4:38 of 3rd period - Shot Misses the Net.
4:40 of 3rd period - Shot by Oskar Sundqvist.
4:40 of 3rd period - Deflect By Yanni Gourde.
4:40 of 3rd period - Stopped by Ben Bishop without a rebound.
4:41 of 3rd period - Marcus Johansson wins face-off versus Pavel Zacha in DALLAS zone.
5:19 of 3rd period - Travis Konecny is hit by Vince Dunn and loses puck.
5:45 of 3rd period - Ilya Mikheyev is hit by Ryan Suter and loses puck.
5:55 of 3rd period - Alex Tuch is hit by Vince Dunn and loses puck.
6:18 of 3rd period - Shot by Mikko Rantanen.
6:18 of 3rd period - Shot Misses the Net.
6:26 of 3rd period - Shot by Auston Matthews.
6:26 of 3rd period - Stopped by Laurent Brossoit with a rebound.
6:34 of 3rd period - Shot by Auston Matthews.
6:34 of 3rd period - Deflect By Mikko Rantanen.
6:34 of 3rd period - Stopped by Laurent Brossoit without a rebound.
6:35 of 3rd period - Kirby Dach wins face-off versus Oskar Sundqvist in OTTAWA zone.
6:38 of 3rd period - Shot by Denis Gurianov.
6:38 of 3rd period - Stopped by Laurent Brossoit without a rebound.
6:39 of 3rd period - Pavel Zacha wins face-off versus Oskar Sundqvist in OTTAWA zone.
6:54 of 3rd period - Shot by Mark Borowiecki.
6:54 of 3rd period - Stopped by Ben Bishop without a rebound.
6:55 of 3rd period - Auston Matthews wins face-off versus Nikita Gusev in DALLAS zone.
7:49 of 3rd period - Shot by Travis Konecny.
7:49 of 3rd period - Stopped by Laurent Brossoit with a rebound.
8:19 of 3rd period - Shot by Pavel Zacha.
8:19 of 3rd period - Stopped by Laurent Brossoit with a rebound.
8:21 of 3rd period - Shot by Pavel Zacha.
8:21 of 3rd period - Goal by Pavel Zacha - OTTAWA : 4 - DALLAS : 6.
8:22 of 3rd period - Alex Tuch wins face-off versus Oskar Sundqvist in neutral zone.
8:28 of 3rd period - Icing by Mark Borowiecki.
8:29 of 3rd period - Conor Garland wins face-off versus Alex Tuch in OTTAWA zone.
8:52 of 3rd period - Shot by Ilya Mikheyev.
8:52 of 3rd period - Shot Misses the Net.
8:56 of 3rd period - Shot by Kasperi Kapanen.
8:56 of 3rd period - Deflect By Alex Tuch.
8:56 of 3rd period - Shot Misses the Net.
8:58 of 3rd period - Shot by Alex Tuch.
8:58 of 3rd period - Stopped by Laurent Brossoit with a rebound.
9:50 of 3rd period - Icing by Garnet Hathaway.
9:51 of 3rd period - Auston Matthews wins face-off versus Garnet Hathaway in OTTAWA zone.
10:00 of 3rd period - Shot by Auston Matthews.
10:00 of 3rd period - Shot Misses the Net.
10:10 of 3rd period - Shot by Vince Dunn.
10:10 of 3rd period - Shot Misses the Net.
10:15 of 3rd period - Jordan Eberle is hit by Brady Skjei and loses puck.
10:56 of 3rd period - Shot by Marcus Johansson.
10:56 of 3rd period - Shot Misses the Net.
10:58 of 3rd period - Shot by Michal Kempny.
10:58 of 3rd period - Shot Blocked by Charlie McAvoy.
11:30 of 3rd period - Shot by Jujhar Khaira.
11:30 of 3rd period - Stopped by Ben Bishop with a rebound.
11:55 of 3rd period - Icing by Nikita Gusev.
11:56 of 3rd period - Pavel Zacha wins face-off versus Nikita Gusev in OTTAWA zone.
12:11 of 3rd period - Shot by Pavel Zacha.
12:11 of 3rd period - Stopped by Laurent Brossoit without a rebound.
12:12 of 3rd period - Oskar Sundqvist wins face-off versus Kirby Dach in OTTAWA zone.
12:12 of 3rd period - Oskar Sundqvist is hit by Lawson Crouse.
14:31 of 3rd period - Roman Polak is hit by Lawson Crouse and loses puck.
14:59 of 3rd period - Icing by Roman Polak.
15:00 of 3rd period - Auston Matthews wins face-off versus Dominik Simon in OTTAWA zone.
15:09 of 3rd period - Shot by Timo Meier.
15:09 of 3rd period - Stopped by Laurent Brossoit with a rebound.
17:00 of 3rd period - Shot by Charlie McAvoy.
17:00 of 3rd period - Stopped by Laurent Brossoit without a rebound.
17:01 of 3rd period - Kirby Dach wins face-off versus Garnet Hathaway in OTTAWA zone.
17:10 of 3rd period - Shot by Jordan Eberle.
17:10 of 3rd period - Shot Misses the Net.
17:33 of 3rd period - Jordan Eberle is hit by Jakob Chychrun and loses puck.
19:48 of 3rd period - Shot by Kasperi Kapanen.
19:48 of 3rd period - Shot Blocked by Mark Borowiecki.
Goals for this period are 0 for OTTAWA vs 1 for DALLAS.
Shots for this period are 6 for OTTAWA vs 14 for DALLAS.